 Dungeon Crawl Stone Soup version 0.21.1-1-g345015f (webtiles) character file.

91 shakethe the Grave Robber (level 4, 0/32 HPs)
             Began as a Gnoll Necromancer on Feb 24, 2018.
             Slain by an orc (3 damage)
             ... on level 2 of the Dungeon.
             The game lasted 00:03:05 (1124 turns).

shakethe the Grave Robber (Gnoll Necromancer)       Turns: 1124, Time: 00:03:06

Health: 0/32       AC:  2    Str: 11    XL:     4   Next: 59%
Magic:  7/11       EV: 15    Int: 18    God:
Gold:   144        SH:  0    Dex: 15    Spells: 6/13 levels left

rFire    . . .     SeeInvis .   l - +3 dagger (elec)
rCold    . . .     Gourm    .   (no shield)
rNeg     . . .     Faith    .   a - +0 robe
rPois    .         Spirit   .   (no helmet)
rElec    .         Reflect  .   (no cloak)
rCorr    .         Harm     .   (no gloves)
MR       .....                  (no boots)
Stlth    +.........             (no amulet)
HPRegen  0.10/turn              (no ring)
MPRegen  0.12/turn              (no ring)

@: confused, lethally poisoned (0 -> -10), very slightly contaminated
A: distributed training, fangs 1, strong nose
a: no special abilities


You were on level 2 of the Dungeon.
You were not hungry.

You visited 1 branch of the dungeon, and saw 2 of its levels.

You collected 144 gold pieces.

Inventory:

Hand Weapons
 g - a +0 mace
   (You found it on level 1 of the Dungeon)
 l - a +3 dagger of electrocution (weapon)
   (You took it off a goblin on level 2 of the Dungeon)
Missiles
 h - a throwing net {=f, !d}
 i - 61 stones (quivered)
Armour
 a - a +0 robe (worn)
Jewellery
 k - an uncursed ring of protection from cold {unknown}
   (You found it on level 1 of the Dungeon)
Scrolls
 d - 3 scrolls of remove curse {unknown}
 e - a scroll of amnesia {unknown}
 n - a scroll of teleportation {unknown}
Potions
 f - a potion of invisibility {unknown}
 j - a potion of haste {unknown}
 m - a potion of ambrosia
Books
 b - a book of Necromancy
Comestibles
 c - a ration


   Skills:
 + Level 1.1 Fighting
 + Level 1.1 Short Blades
 + Level 1.1 Long Blades
 + Level 1.1 Axes
 + Level 1.1 Maces & Flails
 + Level 1.1 Polearms
 + Level 1.1 Staves
 + Level 1.1 Slings
 + Level 1.1 Bows
 + Level 1.1 Crossbows
 + Level 1.1 Throwing
 + Level 1.1 Armour
 + Level 4.6 Dodging
 + Level 4.2 Stealth
 + Level 1.1 Shields
 + Level 1.1 Unarmed Combat
 + Level 5.1 Spellcasting
 + Level 0.9 Conjurations
 + Level 0.9 Hexes
 + Level 0.9 Charms
 + Level 0.9 Summonings
 + Level 7.1 Necromancy
 + Level 0.9 Translocations
 + Level 0.9 Transmutations
 + Level 0.9 Fire Magic
 + Level 0.9 Ice Magic
 + Level 0.9 Air Magic
 + Level 0.9 Earth Magic
 + Level 0.9 Poison Magic
 + Level 1.2 Invocations
 + Level 1.1 Evocations


You had 6 spell levels left.
You knew the following spells:

 Your Spells              Type           Power        Failure   Level  Hunger
a - Pain                  Necr           ####         1%          1    None
r - Regeneration          Chrm/Necr      ###.......   8%          3    ##.....
x - Vampiric Draining     Necr           ####......   1%          3    ##.....


Dungeon Overview and Level Annotations

Branches:
Dungeon (2/15)

Altars:


Innate Abilities, Weirdness & Mutations

Your experience applies equally to all skills.
You have very sharp teeth.
Your uncanny sense of smell can sniff out nearby items.


Message History

MASSIVE DAMAGE!!
Aim: an orc, wielding a hand axe and wearing a scale mail (chance to defeat MR: 93%)
Okay, then.
You miscast Regeneration.
You are very lightly contaminated with residual magic.
You shiver with cold.
Something completely misses you.
The orc wizard mumbles some strange words.
The orc wizard flickers and vanishes!
Something barely misses you.
You now have 6/9 mp.
Your skin crawls.
Something hits you.
You take 1 damage, and have 16/25 hp.
You now have 3/9 mp.
You miss something. Something hits you. x2
You take 2 damage, and have 14/25 hp.
You hit something. Something hits you.
You take 1 damage, and have 13/25 hp.
You closely miss something. Something hits you but does no damage.
Something barely misses you.
You hit something but do no damage. You bite something.
Something completely misses you.
You hit something. Something hits you.
You take 1 damage, and have 14/25 hp.
You closely miss something. You bite something. Something hits you. x2
You take 3 damage, and have 11/25 hp.
You hit something.
You hear some strange, mumbled words.
You hit something. Something hits you.
You hear some strange, mumbled words.
A puff of flame appears from out of thin air!
The puff of flame hits you!
You take 3 damage, and have 9/25 hp.
You hit something.
Reactivating autopickup.
Your Fighting skill increases to level 1!
Your Short Blades skill increases to level 1!
Your Long Blades skill increases to level 1!
Your Axes skill increases to level 1!
Your Maces & Flails skill increases to level 1!
Your Polearms skill increases to level 1!
Your Staves skill increases to level 1!
Your Slings skill increases to level 1!
Your Bows skill increases to level 1!
Your Crossbows skill increases to level 1!
Your Throwing skill increases to level 1!
Your Armour skill increases to level 1!
Your Shields skill increases to level 1!
Your Unarmed Combat skill increases to level 1!
Your Invocations skill increases to level 1!
Your Evocations skill increases to level 1!
You have reached level 4!
You feel stronger.
You feel a bit more experienced.
Your skin is crawling a little less now.
Something hits you.
You are poisoned.
Deactivating autopickup; reactivate with Ctrl-A.
You hit something. Lightning courses through something!
You feel sick. Something hits you but does no damage.
You are more poisoned.
You completely miss something.
You feel sick. Something hits you.
* * * LOW HITPOINT WARNING * * *
You are more poisoned.
You take 2 damage, and have 8/32 hp.
Okay, then.
You don't know that spell.
Reactivating autopickup.
You feel a bit more experienced.
You feel life coursing into your body.
You feel sick.
You regained 2 hp, and now have 10/32 hp.
You now have 1/11 mp.
You hit the orc but do no damage. Lightning courses through the orc!
You kill the orc!
You feel sick.
You feel sick. The orc hits you.
* * * LOW HITPOINT WARNING * * *
Items here: ))) [[[[ †† You take 2 damage, and have 8/32 hp.
You closely miss the orc.
Your skin stops crawling.
* * * LOW HITPOINT WARNING * * *
You feel sick. The orc misses you.
You take 2 damage, and have 6/32 hp.
You hit the orc.
* * * LOW HITPOINT WARNING * * *
You feel sick. The orc closely misses you.
You take 1 damage, and have 5/32 hp.
You closely miss the orc. You bite the orc, but do no damage.
* * * LOW HITPOINT WARNING * * *
You feel sick. The orc hits you.
* * * LOW HITPOINT WARNING * * *
You take 3 damage, and have 2/32 hp.
You closely miss the orc.
* * * LOW HITPOINT WARNING * * *
You feel sick. The orc barely misses you.
You take 1 damage, and have 1/32 hp.
Okay, then.
It was a potion of ambrosia.
You are confused.
You feel invigorated.
* * * LOW HITPOINT WARNING * * *
You feel sick. The orc hits you.
You die...

........#........#####
#.####.
........#........# #.#
#. #####.###.....#..#
#.# #. #.
#.....#.>##### #. #.
##.#.......... ## #.
#..#.#..######
#.##.#.## .. #.#)# #.#
#.#@# #. #^#o# #.
#.#.# #.#.# #.#.# #.#
#.# #.#


You could see an orc.

Vanquished Creatures
  2 orc wizards (D:2)
  A worm (D:2)
  A dart slug (D:2)
  A leopard gecko (D:1)
  2 orcs (D:2)
  A ball python (D:1)
  3 giant cockroaches
  3 goblins
  2 hobgoblins (D:1)
  7 kobolds
  3 bats
  3 frilled lizards
  2 rats
31 creatures vanquished.

Notes
Turn   | Place    | Note
-------+----------+-------------------------------------------
     0 | D:1      | shakethe the Gnoll Necromancer began the quest for the Orb.
     0 | D:1      | Reached XP level 1. HP: 13/13 MP: 6/6
   181 | D:1      | Reached XP level 2. HP: 16/19 MP: 3/7
   733 | D:2      | Reached XP level 3. HP: 22/25 MP: 5/9
   849 | D:2      | Reached skill level 5 in Spellcasting
   864 | D:2      | Learned a level 3 spell: Regeneration
   868 | D:2      | Learned a level 3 spell: Vampiric Draining
  1114 | D:2      | Reached skill level 1 in Fighting
  1114 | D:2      | Reached skill level 1 in Short Blades
  1114 | D:2      | Reached skill level 1 in Long Blades
  1114 | D:2      | Reached skill level 1 in Axes
  1114 | D:2      | Reached skill level 1 in Maces & Flails
  1114 | D:2      | Reached skill level 1 in Polearms
  1114 | D:2      | Reached skill level 1 in Staves
  1114 | D:2      | Reached skill level 1 in Slings
  1114 | D:2      | Reached skill level 1 in Bows
  1114 | D:2      | Reached skill level 1 in Crossbows
  1114 | D:2      | Reached skill level 1 in Throwing
  1114 | D:2      | Reached skill level 1 in Armour
  1114 | D:2      | Reached skill level 1 in Shields
  1114 | D:2      | Reached skill level 1 in Unarmed Combat
  1114 | D:2      | Reached skill level 1 in Invocations
  1114 | D:2      | Reached skill level 1 in Evocations
  1114 | D:2      | Reached XP level 4. HP: 12/32 MP: 4/11
  1116 | D:2      | HP: 8/32 [something (2)]
  1121 | D:2      | HP: 5/32 [poisoned by an orc wizard]
  1122 | D:2      | HP: 2/32 [orc (2)]
  1124 | D:2      | Slain by an orc

Skill      XL: |  1  2  3 |
---------------+----------+-----
Spellcasting   | 5 |  5.1
Fighting       | 1 |  1.1
Short Blades   | 1 |  1.1
Long Blades    | 1 |  1.1
Axes           | 1 |  1.1
Maces & Flails | 1 |  1.1
Polearms       | 1 |  1.1
Staves         | 1 |  1.1
Slings         | 1 |  1.1
Bows           | 1 |  1.1
Crossbows      | 1 |  1.1
Throwing       | 1 |  1.1
Armour         | 1 |  1.1
Shields        | 1 |  1.1
Unarmed Combat | 1 |  1.1
Invocations    | 1 |  1.2
Evocations     | 1 |  1.1
Dodging        | |  4.6
Stealth        | |  4.2
Conjurations   | |  0.9
Hexes          | |  0.9
Charms         | |  0.9
Summonings     | |  0.9
Necromancy     | |  7.1
Translocations | |  0.9
Transmutations | |  0.9
Fire Magic     | |  0.9
Ice Magic      | |  0.9
Air Magic      | |  0.9
Earth Magic    | |  0.9
Poison Magic   | |  0.9

Action                   |  1- 3 |  4- 6 || total
-------------------------+-------+-------++-------
Melee: Unarmed           |     1 |       ||     1
       Dagger            |    16 |     7 ||    23
       Bite              |     2 |     1 ||     3
 Cast: Pain              |    31 |       ||    31
       Vampiric Draining |     2 |     1 ||     3
       Regeneration      |     1 |       ||     1
  Use: Potion            |       |     1 ||     1
 Stab: Sleeping          |     1 |       ||     1
  Eat: Chunk             |     1 |       ||     1
Armor: Robe              |     5 |     1 ||     6
Dodge: Dodged            |    10 |     3 ||    13

Vault maps used:
D:1:      dpeg_arrival_chase
D:2:      minmay_door_path, minmay_split_cup_large, uniq_terence

Table legend:
 A = Turns spent in this place as a percentage of turns spent in the entire game.
 B = Non-inter-level travel turns spent in this place as a percentage of non-inter-level travel turns spent in the entire game.
 C = Inter-level travel turns spent in this place as a percentage of turns spent in this place.
 D = Turns resting spent in this place as a percentage of non-inter-level travel turns spent in this place.
 E = Turns spent auto-exploring this place as a percentage of non-inter-level travel turns spent in this place.
 F = Non-inter-level travel turns spent in this place divided by the number of levels of this place that you've seen.
                   A       B       C       D       E      F
               +-------+-------+-------+-------+-------+----------------------
         Total | 100.0 | 100.0 |   4.8 |  23.9 |  46.4 | 535.0
       Dungeon | 100.0 | 100.0 |   4.8 |  23.9 |  46.4 | 535.0
               +-------+-------+-------+-------+-------+----------------------

Table legend:
 A = Kills in this place as a percentage of kills in entire the game.
 B = Kills by you in this place as a percentage of kills by you in the entire game.
 C = Kills by friends in this place as a percentage of kills by friends in the entire game.
 D = Other kills in this place as a percentage of other kills in the entire game.
 E = Experience gained in this place as a percentage of experience gained in the entire game.
 F = Experience gained in this place divided by the number of levels of this place that you have seen.
                   A       B       C       D       E      F
               +-------+-------+-------+-------+-------+----------------------
         Total | 100.0 | 100.0 |   N/A |   N/A | 100.0 |  65.5
       Dungeon | 100.0 | 100.0 |   N/A |   N/A | 100.0 |  65.5
               +-------+-------+-------+-------+-------+----------------------
